 Dungeon Crawl Stone Soup version 0.31-a0-237-g2d982f9f85 (webtiles) character file.

Game seed: 4574542236543889034

1764 qw the Skirmisher (level 9, -4/55 HPs)
             Began as a Gargoyle Hexslinger on July 11, 2023.
             Slain by Duvessa
             ... wielding a +0 short sword
              (8 damage)
             ... on level 7 of the Dungeon.
             The game lasted 00:02:25 (4934 turns).

qw the Skirmisher (Gargoyle Hexslinger)             Turns: 4934, Time: 00:02:26

Health: -4/55      AC: 14    Str: 17    XL:     9   Next: 7%
Magic:  10/10      EV: 12    Int: 15    God:
Gold:   111        SH:  0    Dex: 16    Spells: 9/10 levels left

rFire   . . .        Y - +0 orcbow
rCold   . . .        (shield currently unavailable)
rNeg    + + .        o - +3 leather armour {rPois}
rPois   inf          j - +2 hat
rElec   +            (no cloak)
rCorr   .            (no gloves)
SInv    .            (no boots)
Will    .....        (no amulet)
Stlth   +            b - +6 ring of strength
HPRegen 0.29/turn    f - ring of positive energy
MPRegen 0.12/turn

%: no passive effects
@: no status effects
A: sickness immunity, AC +6, negative energy resistance 1, electricity
resistance, torment resistance 1, petrification resistance
a: no special abilities


You were on level 7 of the Dungeon.
You visited 1 branch of the dungeon, and saw 7 of its levels.

You collected 221 gold pieces.
You spent 110 gold pieces at shops.


Innate Abilities, Weirdness & Mutations

You are immune to sickness and miasma.
Your stone body is resilient. (AC +6)
You are immune to poison.
You resist negative energy. (rN+)
You are resistant to electric shocks. (rElec)
You are resistant to unholy torment.
You are immune to petrification.


   Skills:
 - Level 6.0 Fighting
 + Level 9.7 Ranged Weapons
 - Level 1.4 Armour
 - Level 2.4 Dodging
 - Level 1.0 Spellcasting
 - Level 2.6 Hexes


You had 9 spell levels left.
You knew the following spells:

 Your Spells              Type           Power      Damage    Failure   Level
a - Slow                  Hex            32%        N/A       10%         1

Your spell library contained the following spells:

 Spells                   Type           Power      Damage    Failure   Level
 Inner Flame              Hex/Fire       4%         N/A       45%         3
 Portal Projectile        Hex/Tloc       8%         N/A       45%         3
 Cause Fear               Hex            4%         N/A       67%         4

Inventory:

Hand Weapons
 Y - a +0 orcbow (weapon)
Armour
 j - a +2 hat (worn)
 o - a +3 leather armour of poison resistance (worn)
Jewellery
 a - a ring of flight
 b - a +6 ring of strength (left hand)
 f - a ring of positive energy (right hand)
Scrolls
 c - a scroll of identify
 g - a scroll of fear {unknown}
Potions
 d - a potion of resistance
 h - a potion of enlightenment
 l - 3 potions of curing
 m - a potion of cancellation {unknown}
 n - a potion of ambrosia {unknown}

Dungeon Overview and Level Annotations

Branches:
Dungeon (7/15)             Temple (0/1) D:7

Altars:
Elyvilon
Makhleb
Qazlal
Ru
Uskayaw
The Shining One

Shops:
D:2 (   D:4 =([[

Annotations:
D:7 Duvessa


Message History

The arrow hits the ice beast but does no damage.
The ice beast is lightly wounded.
You hear a shout!
The ice beast hits you but does no damage.
You shoot an arrow. The arrow hits the ice beast!
The ice beast is heavily wounded.
The ice beast misses you.
You shoot an arrow. The arrow hits the ice beast.
The ice beast is heavily wounded.
The ice beast completely misses you.
You shoot an arrow. The arrow hits the ice beast.
The ice beast is severely wounded.
The ice beast closely misses you.
You shoot an arrow. The arrow hits the ice beast.
The ice beast is severely wounded.
The ice beast hits you but does no damage.
You shoot an arrow. The arrow hits the ice beast.
The ice beast is severely wounded.
The ice beast completely misses you.
You hear a shout!
You shoot an arrow. The arrow hits the ice beast!
You kill the ice beast!
You shoot an arrow.
The arrow hits Duvessa but does no damage.
Duvessa hits you with a +0 short sword. Duvessa misses you.
You shoot an arrow. The arrow closely misses Duvessa.
Duvessa barely misses you.
You shoot an arrow. The arrow hits Duvessa.
Duvessa is lightly wounded.
Duvessa hits you but does no damage. Duvessa completely misses you.
You shoot an arrow. The arrow barely misses Duvessa.
Duvessa barely misses you.
You shoot an arrow. The arrow barely misses Duvessa.
Duvessa hits you with a +0 short sword. Duvessa hits you but does no damage.
You shoot an arrow. The arrow hits Duvessa!
Duvessa is lightly wounded.
Duvessa closely misses you. Duvessa hits you with a +0 short sword!
You shoot an arrow. The arrow barely misses Duvessa.
Duvessa hits you with a +0 short sword!
You die...

...........#......
##................>#.
#............##....#. ...
#.....####.###.....#. ..
#.......##.###.....#. ..
#.....#......#..#.##. #.
#.....#.###.##..#.#.. .###..
#..e.)....#.##.##.#..
......##..#@%....#..........
......ยค...##P.>..####.##..#.
#....ee...# ...P.# #.##..#.
#.....Y..........# #.##..#.
#.........##....## #.##..#.
#.........# ....#####.##..#.
#.........# ###.......##..#.
#.....##..# #.......##..#.
...... #..# #.......##..#.


You could see Duvessa (berserk).

Vanquished Creatures
  A water moccasin (D:4)
  2 ice beasts
  2 black bears
  An ogre (D:5)
  A centaur (D:5)
  A phantom (D:7)
  2 kobold brigands (D:7)
  A bullfrog (D:5)
  3 wights (D:6)
  Dowan (D:7)
  A howler monkey (D:5)
  An orc priest (D:7)
  5 hounds
  2 jellies (D:6)
  4 iguanas
  2 sleepcaps
  2 orc wizards (D:7)
  5 adders
  A white imp (D:7)
  2 ufetubi
  2 dart slugs
  9 orcs
  8 endoplasms
  3 giant cockroaches
  5 goblins
  12 hobgoblins
  11 jackals
  18 kobolds
  4 quokkas
  11 ball pythons
  4 bats
  3 frilled lizards
  2 rats
132 creatures vanquished.

Notes
Turn   | Place    | Note
-------+----------+-------------------------------------------
     0 | D:1      | qw the Gargoyle Hexslinger began the quest for the Orb.
     0 | D:1      | Reached XP level 1. HP: 12/12 MP: 2/2
     0 | D:1      | 0 ||| qw: Version: 0.3-a-52-g30416fa
     0 | D:1      | 0 ||| qw: Game counter: 5476
     0 | D:1      | 0 ||| qw: Melee chars always use a shield: true
     0 | D:1      | 0 ||| qw: God list: Okawaru
     0 | D:1      | 0 ||| qw: Allow faded altars: false
     0 | D:1      | 0 ||| qw: Do Orc after clearing Dungeon:15 true
     0 | D:1      | 0 ||| qw: Do second Lair branch before Depths: true
     0 | D:1      | 0 ||| qw: Lair rune preference: random
     0 | D:1      | 0 ||| qw: Goals: Normal
     0 | D:1      | 0 ||| PLANNING D:1-11
   181 | D:1      | Reached XP level 2. HP: 16/16 MP: 3/3
   285 | D:1      | Reached skill level 3 in Ranged Weapons
   488 | D:1      | 488 ||| READING scroll labelled JUERRU ULOGUU.
   489 | D:1      | 489 ||| DRINKING 2 viscous red potions.
   490 | D:1      | 490 ||| DROPPING scroll of poison.
   508 | D:2      | Found a faded altar of an unknown god.
   607 | D:2      | Reached XP level 3. HP: 21/21 MP: 4/4
   801 | D:2      | Found the +4 robe of Folly {Brill Will-โˆž Int+8}
   885 | D:2      | HP: 5/21 [constriction (1)]
   886 | D:2      | 886 ||| DRINKING potion of heal wounds.
   937 | D:2      | Found Qisyn's Weapon Shoppe.
   948 | D:2      | 948 ||| SHOPLISTING +4 shortbow "Forepof" {antimagic,
                  | Str+4} (532 gold, have 30).
  1275 | D:2      | 1275 ||| UPGRADING to +0 ring mail.
  1285 | D:2      | 1285 ||| DROPPING +0 robe.
  1286 | D:2      | 1286 ||| UPGRADING to +4 robe of Folly {Brill Will-โˆž
                  | Int+8}.
  1296 | D:2      | 1296 ||| DROPPING +0 ring mail.
  1297 | D:2      | 1297 ||| UPGRADING to +1 hat.
  1302 | D:2      | 1302 ||| UPGRADING to +6 ring of strength.
  1303 | D:2      | 1303 ||| READING scroll labelled DOITSU KUZYIF.
  1308 | D:2      | 1308 ||| READING scroll labelled HISERA EKAZ.
  1309 | D:2      | 1309 ||| DRINKING 2 sedimented cyan potions.
  1310 | D:2      | 1310 ||| DROPPING potion of invisibility.
  1376 | D:3      | Found a burning altar of Makhleb.
  1380 | D:3      | Reached XP level 4. HP: 26/26 MP: 5/5
  1443 | D:3      | Reached skill level 4 in Ranged Weapons
  1477 | D:3      | 1477 ||| READING scroll of enchant armour.
  1477 | D:3      | 1477 ||| ENCHANTING +1 hat.
  1558 | D:3      | Found a glowing golden altar of the Shining One.
  1620 | D:3      | Found a sacrificial altar of Ru.
  1810 | D:3      | 1810 ||| READING scroll labelled HACKIGORIFA.
  1811 | D:3      | 1811 ||| READING 3 scrolls labelled ANYRUN DEORGHED.
  1812 | D:3      | 1812 ||| DRINKING 2 sedimented clear potions.
  1855 | D:3      | 1855 ||| READING 2 scrolls of identify.
  1855 | D:3      | 1855 ||| IDENTIFYING sapphire potion
  1856 | D:3      | 1856 ||| DROPPING potion of brilliance.
  1857 | D:3      | 1857 ||| DROPPING potion of lignification.
  1948 | D:4      | Reached XP level 5. HP: 30/30 MP: 6/6
  1998 | D:4      | Noticed a water moccasin
  2009 | D:4      | HP: 5/30 [water moccasin (8)]
  2010 | D:4      | 2010 ||| READING 2 scrolls of teleportation.
  2011 | D:4      | 2011 ||| DRINKING potion of heal wounds.
  2127 | D:4      | Reached skill level 5 in Ranged Weapons
  2197 | D:4      | Reached skill level 3 in Fighting
  2258 | D:4      | Reached XP level 6. HP: 37/37 MP: 7/7
  2279 | D:4      | Found Xearutut's Antique Armour Shop.
  2282 | D:4      | Found Yphoypup's Armour Shop.
  2282 | D:4      | Found Recaf's Jewellery Shop.
  2296 | D:4      | Found Vafofac's Weapon Shop.
  2305 | D:4      | 2305 ||| BUYING glowing leather armour (110 gold).
  2305 | D:4      | Bought a glowing leather armour for 110 gold pieces
  2305 | D:4      | 2305 ||| SHOPLISTING glowing robe (81 gold, have 20).
  2305 | D:4      | 2305 ||| SHOPLISTING pair of boots (99 gold, have 20).
  2308 | D:4      | 2308 ||| SHOPLISTING +2 hat of willpower (231 gold, have
                  | 20).
  2314 | D:4      | 2314 ||| SHOPLISTING +6 ring of dexterity (360 gold, have
                  | 20).
  2314 | D:4      | 2314 ||| SHOPLISTING ring of fire (250 gold, have 20).
  2314 | D:4      | 2314 ||| SHOPLISTING ring of protection from fire (250
                  | gold, have 20).
  2314 | D:4      | 2314 ||| SHOPLISTING ring of see invisible (150 gold, have
                  | 20).
  2314 | D:4      | 2314 ||| SHOPLISTING ring of willpower (250 gold, have 20).
  2480 | D:4      | HP: 7/37 [water moccasin (8)]
  2481 | D:4      | 2481 ||| READING scroll of teleportation.
  2482 | D:4      | HP: 1/37 [water moccasin (7)]
  2485 | D:4      | Killed a water moccasin
  2486 | D:4      | Reached skill level 6 in Ranged Weapons
  2654 | D:4      | 2654 ||| UPGRADING to +3 leather armour of poison
                  | resistance.
  2664 | D:4      | 2664 ||| DROPPING +4 robe of Folly {Brill Will-โˆž Int+8}.
  2665 | D:4      | 2665 ||| DROPPING amulet of magic regeneration.
  2666 | D:4      | 2666 ||| READING scroll labelled REXZEA MEOSSA.
  2667 | D:4      | 2667 ||| READING scroll labelled FIVVAQA XITYNT.
  2668 | D:4      | 2668 ||| DRINKING 3 cyan potions.
  2669 | D:4      | 2669 ||| READING 2 scrolls of identify.
  2669 | D:4      | 2669 ||| IDENTIFYING coppery potion
  2670 | D:4      | 2670 ||| DROPPING potion of magic.
  2700 | D:5      | Entered Level 5 of the Dungeon
  2817 | D:5      | Reached XP level 7. HP: 33/44 MP: 8/8
  2918 | D:5      | Found a hide-covered altar of Uskayaw.
  2918 | D:5      | Found a stormy altar of Qazlal.
  3174 | D:5      | 3174 ||| SWAPPING to +0 orcbow.
  3175 | D:5      | 3175 ||| DROPPING +2 sling.
  3274 | D:5      | Reached skill level 7 in Ranged Weapons
  3505 | D:5      | 3505 ||| UPGRADING to ring of positive energy.
  3506 | D:5      | 3506 ||| READING 3 scrolls of identify.
  3506 | D:5      | 3506 ||| IDENTIFYING metallic brown potion
  3507 | D:5      | 3507 ||| READING 2 scrolls of identify.
  3507 | D:5      | 3507 ||| IDENTIFYING white potion
  3508 | D:5      | 3508 ||| DROPPING potion of berserk rage.
  3525 | D:6      | 3525 ||| STAIRDANCE
  3566 | D:6      | Reached skill level 8 in Ranged Weapons
  3566 | D:6      | Reached XP level 8. HP: 47/48 MP: 9/9
  3639 | D:6      | Found Etrujef's Firing Range.
  3753 | D:6      | Found a white marble altar of Elyvilon.
  3851 | D:6      | Reached skill level 1 in Armour
  4306 | D:6      | 4306 ||| READING scroll labelled CIOSTREOKHLI.
  4307 | D:6      | 4307 ||| READING scroll labelled JUZOJU AKLIA.
  4338 | D:6      | 4338 ||| READING 2 scrolls of identify.
  4338 | D:6      | 4338 ||| IDENTIFYING fizzy silvery potion
  4339 | D:6      | 4339 ||| DROPPING potion of attraction.
  4384 | D:7      | 4384 ||| Stepping ~*~*~tactically~*~*~ (outnumbered).
  4401 | D:7      | 4401 ||| Stepping ~*~*~tactically~*~*~ (outnumbered).
  4651 | D:7      | Reached skill level 9 in Ranged Weapons
  4891 | D:7      | Noticed Duvessa
  4891 | D:7      | Noticed Dowan
  4894 | D:7      | Found a staircase to the Ecumenical Temple.
  4895 | D:7      | 4895 ||| PLANNING TEMPLE
  4896 | D:7      | Reached skill level 6 in Fighting
  4911 | D:7      | Killed Dowan
  4914 | D:7      | Reached XP level 9. HP: 19/55 MP: 10/10
  4918 | D:7      | HP: 5/55 [ice beast (12)]
  4919 | D:7      | 4919 ||| DRINKING potion of heal wounds.
  4928 | D:7      | HP: 13/55 [Duvessa/+0 short sword (5)]
  4933 | D:7      | HP: 4/55 [Duvessa/+0 short sword (10)]
  4934 | D:7      | Slain by Duvessa

Levels and vault maps discovered:
D:1:      onia_arrival_pyramid, layout_basic, chequers_serial_rivers_micro_d
D:2:      layout_basic, serial_shops, nicolae_shop_pleasant_corner_grove,
          nicolae_ecumenical_pavilion
D:3:      layout_rooms, mainiacjoe_overflow_alcove_4,
          nicolae_ru_sacrificial_ziggurat, tso_metal_star
D:4:      layout_basic, minmay_shop_grid_forest, minmay_misc_feat_plants,
          hangedman_decor_slide_cut
D:5:      layout_basic, nicolae_overflow_two_pavilions
D:6:      layout_loops_cross, mainiacjoe_overflow_six_doors_small,
          nicolae_shop_firing_range
D:7:      layout_basic, okawaru_gym_becter, nicolae_gozag_zags_fifth_avenue,
          minmay_temple_entry_overgrown, due_unseen_surprise, uniq_duvessa

Skill      XL: |  1  2  3  4  5  6  7  8 |
---------------+-------------------------+-----
Ranged Weapons | 3 4 5 6 8 9 |  9.7
Fighting       | 2 3 4 6 |  6.0
Dodging        | 2 |  2.4
Armour         | 1 |  1.4
Spellcasting   | |  1.0
Hexes          | |  2.6

Action                     |  1- 3 |  4- 6 |  7- 9 || total
---------------------------+-------+-------+-------++-------
   Fire: Sling             |   128 |   242 |    24 ||   394
         Orcbow            |       |       |   226 ||   226
    Use: Scroll            |     3 |     9 |     5 ||    17
         Potion            |     3 |     3 |     1 ||     7
 Armour: Robe              |    33 |    82 |       ||   115
         Leather armour    |       |     5 |    88 ||    93
  Dodge: Dodged            |    45 |   134 |   119 ||   298

Table legend:
 A = Non-vault XP
 B = Vault XP
 C = Vault XP percentage of total XP
 D = Non-vault monster count
 E = Vault monster count
 F = Vault count percentage of total count
                 A         B        C        D         E       F
            +---------+---------+-------+---------+---------+-------
      Total |    2448 |      72 |   2.9 |     131 |       1 |   0.8
            +---------+---------+-------+---------+---------+-------
        D:1 |      28 |       0 |   0.0 |      17 |       0 |   0.0
        D:2 |      39 |       0 |   0.0 |      23 |       0 |   0.0
        D:3 |      51 |       0 |   0.0 |      16 |       0 |   0.0
        D:4 |     403 |       0 |   0.0 |      24 |       0 |   0.0
        D:5 |     660 |       0 |   0.0 |      15 |       0 |   0.0
        D:6 |     513 |       0 |   0.0 |      10 |       0 |   0.0
        D:7 |     754 |      72 |   8.7 |      26 |       1 |   3.7
            +---------+---------+-------+---------+---------+-------
